 Dungeon Crawl Stone Soup version 0.16.1-30-g34a7ffa (webtiles) character file.

38 joy the Sneak (level 3, 3/16 HPs)
             Began as a Spriggan Enchanter on June 19, 2015.
             Quit the game on level 2 of the Dungeon.
             The game lasted 00:01:42 (1056 turns).

joy the Sneak (Spriggan Enchanter)                  Turns: 1056, Time: 00:01:42

Health: 3/16       AC:  8    Str:  4    XL:     3   Next: 25%
Magic:  9/9        EV: 18    Int: 17    God:
Gold:   49         SH:  0    Dex: 16    Spells: 2 memorised, 4 levels left

rFire  . . .     SeeInvis +     f - +0 dagger (protect)
rCold  . . .     Clarity  .     b - +1 robe
rNeg   . . .     SustAb   .     (shield restricted)
rPois  .         Gourm    .     (helmet restricted)
rElec  .         Spirit   .     (no cloak)
rCorr  .         Warding  .     (gloves unavailable)
rMut   .         Stasis   .     (boots unavailable)
MR     .....                    (no amulet)
Stlth  +++.......               (no ring)
                                (no ring)

@: lethally poisoned (3 -> -11), very quick, not resistant to hostile
enchantments, fairly stealthy
A: unfitting armour, see invisible, herbivore 3, speed 3, slow metabolism 2
a: no special abilities


You were on level 2 of the Dungeon.
You were not hungry.

You visited 1 branch of the dungeon, and saw 2 of its levels.

You collected 49 gold pieces.

Inventory:

Hand weapons
 a - a +1 dagger
 e - a +0 short sword
 f - a +0 dagger of protection (weapon)
Armour
 b - a +1 robe (worn)
Scrolls
 g - a scroll of amnesia {unknown}
Books
 c - a book of Maledictions

   Spells                             Type                      Level
   a - Corona                         Hexes                        1
   b - Sure Blade                     Hexes/Charms                 2
   c - Ensorcelled Hibernation        Hexes/Ice                    2
   d - Confuse                        Hexes                        3
   e - Dazzling Spray                 Conjuration/Hexes            3
   f - Enslavement                    Hexes                        4
Comestibles
 d - a bread ration


   Skills:
 + Level 2.7 Short Blades
 - Level 3.0 Dodging
 + Level 5.5 Stealth
 - Level 2.6 Spellcasting
 - Level 3.6 Hexes


You had 4 spell levels left.
You knew the following spells:

 Your Spells              Type           Power        Failure   Level  Hunger
a - Corona                Hex            ##.....      4%          1    #......
b - Ensorcelled Hibernat  Hex/Ice        #.....       17%         2    ##.....


Dungeon Overview and Level Annotations

Branches:
Dungeon (2/15)

Altars:


Innate Abilities, Weirdness & Mutations

You are tiny and cannot use many weapons and most armour.
You have supernaturally acute eyesight.
You are a herbivore.
You cover ground extremely quickly.
You need consume almost no food.


Message History

The adder is almost dead.
The adder completely misses you. x2
You barely miss the adder.
The adder is almost dead.
The adder barely misses you.
You hit the adder.
You kill the adder!
You have reached level 3!
Your experience leads to an increase in your attributes!
Increase (S)trength, (I)ntelligence, or (D)exterity?
You feel clever.
Drink which item? (? for menu, Esc to quit)
It was a potion of cancellation.
You feel magically purged.
You feel sick.
Drink which item? (? for menu, Esc to quit)
It was a potion of poison.
That liquid tasted very nasty...
You are lethally poisoned!
* * * LOW HITPOINT WARNING * * *
You feel sick.
Are you sure you want to abandon this character and quit the game? (Confirm with "yes".)

#.........# ##.####...
#.###.###.##### #.#
#.........# #.####.#
#####.##### ##......#
#.........# ##...#####
#.###.###.# ##.....##
#.##..# ##.^.....##
#.###.....####.........#
............@.'.##..##..#
#.####.<..####.#........#
#.#..# ##..........
<.....# #.........
###.#### ##....... #.
#...S.>. #. ....... #.
...... ## b....


There were no monsters in sight!

Vanquished Creatures
  An adder (D:2)
  3 giant geckos (D:1)
  2 giant cockroaches
  3 hobgoblins (D:1)
  4 jackals (D:1)
  4 kobolds (D:1)
  A ball python (D:2)
  2 giant newts (D:1)
  2 goblins (D:1)
  3 rats (D:1)
25 creatures vanquished.

Notes
Turn   | Place    | Note
--------------------------------------------------------------
     0 | D:1      | joy, the Spriggan Enchanter, began the quest for the Orb.
     0 | D:1      | Reached XP level 1. HP: 9/9 MP: 4/4
   228 | D:1      | Reached XP level 2. HP: 13/13 MP: 7/7
   237 | D:1      | Learned a level 2 spell: Ensorcelled Hibernation
   403 | D:1      | Reached skill level 5 in Stealth
  1052 | D:2      | Reached XP level 3. HP: 4/16 MP: 9/9
  1056 | D:2      | Quit the game

Action                   || total
-------------------------++-------
Melee: Dagger            ||   130
  Use: Potion            ||     2
 Stab: Sleeping          ||     8
